 Dungeon Crawl Stone Soup version 0.26-a0-1164-g1a551d6a14 (webtiles) character file.

Game seed: 4437895356355583351

52 mg7810 the Chucker (level 3, -3/27 HPs)
             Began as a Demonspawn Hunter on Dec 23, 2020.
             Slain by an iguana (6 damage)
             ... on level 2 of the Dungeon.
             The game lasted 00:03:16 (1758 turns).

mg7810 the Chucker (Demonspawn Hunter)              Turns: 1758, Time: 00:03:16

Health: -3/27      AC:  7    Str: 11 (12) XL:     3   Next: 60%
Magic:  3/3        EV: 10    Int: 11 (12) God:
Gold:   124        SH:  0    Dex: 11 (14) Spells: 2/2 levels left

rFire    . . .     SeeInvis .   a - +0 short sword
rCold    . . .     Faith    .   (no shield)
rNeg     . . .     Spirit   .   p - +0 ring mail
rPois    .         Reflect  .   (no helmet)
rElec    .         Harm     .   (no cloak)
rCorr    .         Rampage  .   (no gloves)
Will     .....                  (no boots)
Stlth    +.........             (no amulet)
HPRegen  0.09/turn              (no ring)
MPRegen  0.08/turn              (no ring)

@: attractive
A: yellow scales 1
a: no special abilities


You were on level 2 of the Dungeon.
You visited 1 branch of the dungeon, and saw 2 of its levels.

You collected 124 gold pieces.

Inventory:

Hand Weapons
 a - a +0 short sword (weapon)
Missiles
 c - 8 javelins
 d - 6 boomerangs of dispersal
 n - 28 poisoned darts (quivered)
Armour
 p - a +0 ring mail (worn)
Jewellery
 q - an uncursed ring of willpower {unknown}
Scrolls
 b - 3 scrolls of enchant armour {unknown}
 f - a scroll of fear {unknown}
 g - a scroll of magic mapping {unknown}
 h - a scroll of remove curse {unknown}
 i - a scroll of identify {unknown}
 l - a scroll of enchant weapon {unknown}
 m - a scroll of fog {unknown}
Potions
 e - a potion of degeneration
 j - a potion of attraction
 o - a potion of curing {unknown}
 r - a potion of ambrosia {unknown}
 s - a potion of heal wounds {unknown}


   Skills:
 + Level 2.1 Fighting
 + Level 1.1 Short Blades
 + Level 4.2 Throwing
 * Level 1.0 Armour
 + Level 2.1 Dodging
 - Level 0.8 Stealth


You had 2 spell levels left.
You didn't know any spells.
Your spell library was empty.

Dungeon Overview and Level Annotations

Branches:
Dungeon (2/15)

Altars:
Elyvilon


Innate Abilities, Weirdness & Mutations

You are partially covered in yellow scales. (AC +2)


Message History

You hit the iguana.
The iguana is lightly wounded.
The iguana bites you!
You hit the iguana but do no damage.
The iguana is lightly wounded.
The iguana barely misses you.
You barely miss the iguana.
The iguana is lightly wounded.
The iguana bites you!
* * * LOW HITPOINT WARNING * * *
It was a potion of degeneration.
There was something very wrong with that liquid.
You feel weakened.
You feel dopey.
You feel clumsy.
The iguana bites you but does no damage.
It was a potion of attraction.
You feel attractive to monsters. The iguana barely misses you.
It was a potion of magic.
Magic courses through your body. The iguana bites you.
You die...

.# #<# #.# .# #.# #.#
.# #.# #.# .# ..# .#
### ###. #.# #.#
#########.# #.#
##...@l....# #.#
##...######.# #>#
#..........(#
###.#######....########
............#.##
##..####.####.#
#.........##.#
#..##''##.##.#
#..#≈≈≈≈#.#...


You could see an iguana.

Vanquished Creatures
  An adder (D:2)
  A worm (D:2)
  2 dart slugs
  4 leopard geckos
  A ball python (D:1)
  2 giant cockroaches
  4 goblins
  3 hobgoblins (D:2)
  2 jackals (D:1)
  2 kobolds
  2 bats (D:1)
  2 frilled lizards (D:2)
  5 rats
31 creatures vanquished.

Notes
Turn   | Place    | Note
-------+----------+-------------------------------------------
     0 | D:1      | mg7810 the Demonspawn Hunter began the quest for the Orb.
     0 | D:1      | Reached XP level 1. HP: 16/16 MP: 1/1
   106 | D:1      | Gained mutation: You are partially covered in yellow
                  | scales. (AC +2) [demonic ancestry]
   106 | D:1      | Reached XP level 2. HP: 18/22 MP: 2/2
   543 | D:1      | Reached skill level 4 in Throwing
   966 | D:2      | Reached skill level 1 in Armour
   966 | D:2      | Reached XP level 3. HP: 20/27 MP: 3/3
  1433 | D:2      | Reached skill level 1 in Short Blades
  1729 | D:2      | Found a white marble altar of Elyvilon.
  1758 | D:2      | Slain by an iguana

Illustrated notes

Levels and vault maps discovered:
D:1:      lightli_arrival_statuegarden, layout_basic
D:2:      layout_loops_ring, general_overflow_altar, patterned_corridor

Skill      XL: |  1  2  3 |
---------------+----------+-----
Dodging        | 2 |  2.1
Throwing       | 4 |  4.2
Armour         | 1 |  1.0
Short Blades   | 1 |  1.1
Fighting       | |  2.1
Stealth        | |  0.8

Action                   || total
-------------------------++-------
Melee: Short sword       ||    85
Throw: Javelin           ||     7
       Boomerang         ||     1
  Use: Potion            ||     4
Armor: Leather armour    ||    12
       Skin              ||    13
       Ring mail         ||    18
Dodge: Dodged            ||    54

Table legend: (Time is in decaauts)
 A = Elapsed time spent in this place.
 B = Non-inter-level travel time spent in this place.
 C = Inter-level travel time spent in this place.
 D = Time resting spent in this place.
 E = Time spent auto-exploring this place.
 F = Levels seen in this place.
 G = Mean time per level.
                   A        B        C        D        E       F      G
               +--------+--------+--------+--------+--------+-----+--------+
         Total |   1766 |   1705 |     61 |      0 |   1426 |   2 |  883.0 |
       Dungeon |   1766 |   1705 |     61 |      0 |   1426 |   2 |  883.0 |
               +--------+--------+--------+--------+--------+-----+--------+

Top non-repeatable levels by time:
     D:1: 947 daAuts
     D:2: 819 daAuts
